AoeStats
← 月喵喵

Oasis

508199976Analyzed
4v4 RM · 9d ago on Sep 21, 2026· 69m 46s· 8 players
Game mode
Random Map
Map size
Large (8 player)
Population
200
Speed
Normal
Resources
Standard
Victory
Conquest
Starting age
Dark Age
Ending age
Imperial Age
RankedLock teamsTeams togetherTeam positionsShared explorationLock speedFull tech treeHidden civsTurbo modeCheats
Victory
Defeat
🇨🇳 Poles · China
1077
+14
🇨🇳 Magyars · China
1062
+15
🇨🇳 Vietnamese · China
1038
+44
🇮🇪 Burgundians · Ireland
1026
+16
🇷🇴 Gurjaras · Romania
1064
-17
🇩🇪 Franks · Germany
1038
-44
🇵🇹 Burgundians · Portugal
1031
-15
🇧🇪 Italians · Belgium
990
-13
Julesfreeman
13:07 Feudal Age
15:46 Double-Bit Axe
24:32 Castle Age
26:11 Bow Saw
27:31 Gold Mining
27:32 Stone Mining
29:51 Wheelbarrow
35:20 Imperial Age
33:10 Hand Cart
32:41 Town Watch
32:42 Loom
35:14 Husbandry
35:23 Scale Barding Armor
35:42 Ballistics
37:22 Gold Shaft Mining
37:24 Cavalier
39:45 Paladin
41:19 Town Patrol
45:52 Elite Throwing Axeman
49:24 #83
49:05 Chivalry
49:41 Hoardings
50:34 Chemistry
✪ GiBiG
2:11 Loom
10:40 Feudal Age
15:15 Horse Collar
18:30 Castle Age
18:46 Crossbowman
19:46 Double-Bit Axe
21:51 Thumb Ring
25:55 Bow Saw
26:29 Heavy Plow
26:50 Gold Mining
27:58 Ballistics
27:54 Man-at-Arms
28:51 Fletching
29:02 Padded Archer Armor
30:47 Stone Mining
31:33 Fortified Wall
32:06 Wheelbarrow
32:16 Scale Mail Armor
39:57 Imperial Age
37:44 Hand Cart
37:14 Town Watch
39:57 Husbandry
40:08 Bloodlines
39:19 Light Cavalry
40:02 Elite Genoese Crossbowman
42:57 Chemistry
41:43 Arrowslits
41:55 Murder Holes
42:03 Bodkin Arrow
42:23 Leather Archer Armor
42:20 Forging
44:38 Hussar
Telepateu
11:29 Feudal Age
12:32 Double-Bit Axe
13:24 Loom
16:52 Castle Age
14:55 Horse Collar
15:59 Stone Mining
16:03 Gold Mining
16:37 Forging
17:05 Bloodlines
17:56 Heavy Plow
23:34 Iron Casting
23:49 Wheelbarrow
25:56 Hand Cart
25:56 Bow Saw
26:23 Gold Shaft Mining
27:13 Husbandry
28:40 Hand Cart
29:06 Iron Casting
31:01 Scale Barding Armor
31:05 Kshatriyas
32:03 Chain Barding Armor
40:39 Imperial Age
39:42 Scale Mail Armor
39:32 Arson
41:48 Frontier Guards
40:54 Elite Chakram Thrower
41:55 Conscription
42:06 Chain Mail Armor
42:27 Plate Barding Armor
42:01 Elite Shrivamsha Rider
!
8:09 Loom
10:31 Feudal Age
15:57 Castle Age
14:19 Double-Bit Axe
14:59 Horse Collar
15:44 Bow Saw
19:28 Husbandry
19:26 Cavalier
20:48 Heavy Plow
21:26 Gold Mining
26:44 Husbandry
27:34 Wheelbarrow
29:31 Gold Shaft Mining
31:37 Scale Barding Armor
32:37 Crop Rotation
33:52 Chain Barding Armor
34:08 Hand Cart
34:21 Forging
34:24 Town Watch
36:15 Iron Casting
38:12 Imperial Age
35:41 Stone Mining
36:24 Padded Archer Armor
36:15 Fletching
38:10 Leather Archer Armor
40:06 Chemistry
39:27 Ballistics
39:05 Bodkin Arrow
40:11 Stone Shaft Mining
39:32 Paladin
42:48 Conscription
45:22 Blast Furnace
44:58 Plate Barding Armor
44:31 Bracer
50:06 Treadmill Crane
50:37 Masonry
51:11 Paladin
53:47 Scale Mail Armor
53:47 Pikeman
54:28 Squires
54:13 Arson
54:49 Chain Mail Armor
54:30 Halberdier
56:45 Plate Mail Armor
57:07 Light Cavalry
人在阵地在
3:34 Loom
13:14 Feudal Age
18:07 Castle Age
16:51 Double-Bit Axe
18:27 Fletching
21:07 Bow Saw
21:16 Padded Archer Armor
27:25 Bodkin Arrow
36:31 Imperial Age
34:22 Scale Barding Armor
35:01 Leather Archer Armor
36:25 Chain Barding Armor
36:34 Heavy Cavalry Archer
38:11 Parthian Tactics
37:48 Bracer
38:18 Ring Archer Armor
39:06 Plate Barding Armor
39:28 Bloodlines
39:19 Husbandry
40:24 Chemistry
40:36 Ballistics
42:11 Two-Man Saw
40:39 Cavalier
43:26 Recurve Bow
44:06 Caravan
45:05 Conscription
45:35 Corvinian Army
53:42 Wheelbarrow
54:16 Capped Ram
70:23 Siege Engineers
70:31 Masonry
70:31 Careening
70:32 Clinker Construction
70:43 Shipwright
月喵喵
3:00 Loom
11:01 Feudal Age
17:18 Castle Age
15:22 Horse Collar
16:36 Double-Bit Axe
18:56 Heavy Plow
20:46 Bow Saw
21:11 Town Watch
22:02 Wheelbarrow
22:11 Stone Mining
22:47 Gold Mining
24:14 Forging
24:06 Scale Mail Armor
26:08 Hand Cart
28:16 Szlachta Privileges
33:06 Imperial Age
31:47 Scale Barding Armor
32:19 Iron Casting
32:00 Chain Mail Armor
32:40 Scale Barding Armor
33:27 Man-at-Arms
34:08 Squires
34:37 Long Swordsman
35:08 Cavalier
35:36 Two-Handed Swordsman
36:02 Elite Obuch
37:16 Plate Mail Armor
37:48 Blast Furnace
38:12 Conscription
38:18 Champion
39:17 Treadmill Crane
40:00 Capped Ram
42:02 Stone Shaft Mining
42:28 Town Patrol
44:33 Onager
45:56 Plate Mail Armor
45:46 Chain Barding Armor
46:11 Bloodlines
46:03 Husbandry
46:10 Siege Ram
46:30 Light Cavalry
48:35 Chemistry
49:54 Pikeman
52:06 Siege Engineers
53:02 Chemistry
60:48 Bombard Tower
60:50 Ballistics
60:51 Bombard Tower
60:34 Caravan
61:33 Crop Rotation
67:24 Spies/Treason
redjumper99
2:41 Loom
6:20 Double-Bit Axe
12:54 Feudal Age
14:00 Gold Mining
19:40 Horse Collar
22:15 Castle Age
20:49 Bow Saw
21:33 Heavy Plow
22:14 Scale Mail Armor
22:59 Forging
24:51 Pikeman
27:49 Fortified Wall
27:54 Squires
29:53 Stone Mining
32:12 Gold Shaft Mining
32:21 Crop Rotation
33:18 Two-Man Saw
33:43 Chain Mail Armor
34:56 Iron Casting
35:03 Town Watch
35:58 Wheelbarrow
36:28 Masonry
37:22 Caravan
38:08 Stone Shaft Mining
41:48 Imperial Age
39:19 Murder Holes
40:14 Hand Cart
41:35 Coinage
41:41 Scale Barding Armor
43:36 Blast Furnace
43:06 Plate Mail Armor
42:05 Halberdier
43:29 Chain Barding Armor
43:31 Conscription
44:05 Burgundian Vineyards
44:08 Husbandry
43:28 Cavalier
44:19 Light Cavalry
45:10 Fletching
45:12 Hussar
46:16 Ballistics
45:37 Treadmill Crane
47:29 Guilds
47:50 Banking
48:09 Bodkin Arrow
51:02 Chemistry
49:47 Arrowslits
50:34 Architecture
53:45 Bracer
54:20 Plate Barding Armor
54:59 Hoardings
54:36 Elite Coustillier
59:50 Bombard Tower
59:21 Guard Tower
58:58 Capped Ram
59:42 Capped Ram
60:44 Padded Archer Armor
66:32 Flemish Revolution
67:42 Leather Archer Armor
67:15 Arson
69:03 Spies/Treason
捣蛋鬼
8:39 Loom
10:49 Feudal Age
13:39 Horse Collar
13:49 Double-Bit Axe
18:38 Castle Age
18:09 Wheelbarrow
20:32 Scale Barding Armor
20:35 Padded Archer Armor
20:27 Fletching
21:03 Bow Saw
20:56 Heavy Plow
21:08 Stone Mining
21:11 Gold Mining
22:15 Scale Mail Armor
22:30 Leather Archer Armor
22:13 Bodkin Arrow
25:48 Squires
26:53 Chain Mail Armor
27:11 Hand Cart
26:43 Town Watch
28:18 Stone Shaft Mining
29:24 Scale Barding Armor
29:30 Forging
30:23 Chatras
31:35 Bloodlines
31:26 Husbandry
35:09 Imperial Age
35:52 Chain Barding Armor
36:08 Iron Casting
36:18 Caravan
38:12 Paper Money
38:29 Hoardings
37:36 Elite Battle Elephant
38:55 Town Patrol
39:49 Guilds
43:17 Plate Barding Armor
44:15 Treadmill Crane
44:41 Siege Engineers
44:58 Ballistics
45:39 Chemistry
44:35 Murder Holes
44:32 Heated Shot
44:16 Sappers
53:24 Capped Ram
57:08 Elite Rattan Archer
58:30 Ring Archer Armor
58:01 Bracer
63:19 Light Cavalry
69:14 Bombard Tower
68:40 Arrowslits
68:46 Guard Tower
69:07 Fortified Wall
68:25 Spies/Treason
69:50 Crop Rotation
70:23 Two-Man Saw
Connection lost

Rejoining the realm…

Still unreachable

The connection could not be restored.

Session expired

The server has moved on; the page needs a fresh start.